 Dungeon Sprint DCSS version 0.19-a0-680-gdf79c29 (webtiles) character file.

1383 Groucho the Slinger (level 8, -1/49 HPs)
             Began as a Halfling Hunter on June 17, 2016.
             Was a Follower of Qazlal.
             Killed from afar by a deep elf knight (10 damage)
             ... with a shard of ice
             ... in the Dungeon (Sprint V: "Ziggurat Sprint").
             The game lasted 00:02:42 (545 turns).

Groucho the Slinger (Halfling Hunter)                Turns: 545, Time: 00:02:42

Health: -1/49      AC: 30    Str: 20    XL:     8   Next: 99%
Magic:  14/14      EV:  3    Int: 10    God:    Qazlal [*.....]
Gold:   0          SH: 32    Dex: 15    Spells: 0 memorised, 7 levels left

rFire  . . .     SeeInvis .     N - +6 shillelagh "Devastator" {shatter}
rCold  . . .     Gourm    .     K - +15 Maxwell's patent armour {-Cast -Tele rElec MR+ rCorr}
rNeg   + . .     Faith    .     L - +18 shield of the Gong {rElec rN+ MR+ EV-5}
rPois  .         Spirit   .     (no helmet)
rElec  +         Dismiss  .     (no cloak)
rCorr  +         Reflect  .     (no gloves)
SustAt .         Harm     .     (no boots)
MR     ++...     NoTele   +     (no amulet)
Stlth  .......... NoCast   +    (no ring)
                                H - +6 ring of strength

@: studying Crossbows, drained, very resistant to hostile enchantments,
extremely unstealthy
A: mutation resistance 1
a: Renounce Religion


You were in the Dungeon.
You worshipped Qazlal.
Qazlal was aware of your devotion.
You were not hungry.

You visited 1 branch

Inventory:

Hand Weapons
 b - a +5 greatsling
 J - the cursed +14 obsidian axe {chop, +Fly Str+3 SInv *Curse}
   (You found it in the Dungeon)

   It inflicts extra damage upon your enemies.
   It affects your strength (+3).
   It lets you see invisible.
   It lets you fly.
   It may re-curse itself when equipped.
   It has a curse placed upon it.
 M - the +8 lance "Wyrmbane" {slay drac, +Rage rPois rF+ AC+5}
   (You found it in the Dungeon)

   It affects your AC (+5).
   It protects you from fire.
   It protects you from poison.
   It lets you go berserk.
 N - the +6 shillelagh "Devastator" (weapon) {shatter}
   (You found it in the Dungeon)
 P - the +9 hunting sling of Broken Luck {flame, Str+3}
   (You found it in the Dungeon)

   It causes projectiles fired from it to burn those they strike, causing extra
   injury to most foes and up to half again as much damage against particularly
   susceptible opponents.
   It affects your strength (+3).
Missiles
 d - 1010 sling bullets
Armour
 a - a +5 gold dragon armour
 K - the +15 Maxwell's patent armour (worn) {-Cast -Tele rElec MR+ rCorr}
   (You found it in the Dungeon)

   It insulates you from electricity.
   It affects your resistance to hostile enchantments.
   It prevents spellcasting.
   It prevents most forms of teleportation.
   It protects you from acid and corrosion.
 L - the +18 shield of the Gong (worn) {rElec rN+ MR+ EV-5}
   (You found it in the Dungeon)

   It affects your evasion (-5).
   It insulates you from electricity.
   It protects you from negative energy.
   It affects your resistance to hostile enchantments.
Jewellery
 D - a +6 ring of dexterity
 E - a +6 ring of dexterity
 F - a +6 ring of intelligence
 G - a +6 ring of intelligence
 H - a +6 ring of strength (left hand)
 I - a +6 ring of strength
Wands
 y - a wand of disintegration (7/24)
 A - a wand of iceblast (5/15)
 B - a wand of lightning (5/15)
 C - a wand of acid (5/15)
Scrolls
 k - 4 scrolls of blinking
 m - 4 scrolls of amnesia
 n - 3 scrolls of recharging
 o - 7 scrolls of fog
 p - a scroll of holy word
 q - 5 scrolls of identify
 r - 5 scrolls of remove curse
 s - 2 scrolls of fear
Potions
 e - 10 potions of curing
 g - 10 potions of heal wounds
 h - 5 potions of haste
 i - 7 potions of magic
 j - 3 potions of berserk rage
 t - 2 potions of brilliance
 u - 2 potions of invisibility
 v - 4 potions of resistance
 w - a potion of experience
 x - 5 potions of agility
 z - 5 potions of might
Books
 O - a manual of Crossbows
Comestibles
 c - 42 fruits
 f - 5 bread rations
 l - 4 meat rations


   Skills:
 - Level 1.7(1.3) Fighting
 + Level 12.8(12.2) Slings
 * Level 12.6(11.9) Armour
 - Level 2.1(1.7) Dodging
 - Level 1.1(0.6) Stealth
 + Level 9.2(8.6) Shields
 + Level 9.2(8.6) Invocations


You had 7 spell levels left.
You didn't know any spells.

Dungeon Overview and Level Annotations

Branches:
Dungeon (1/1)

Altars:
Ashenzari
Cheibriados
Dithmenos
Elyvilon
Fedhas
Gozag
Hepliaklqana
Kikubaaqudgha
Makhleb
Nemelex Xobeh
Okawaru
Pakellas
Qazlal
Ru
Sif Muna
Trog
Uskayaw
Vehumet
Xom
Yredelemnul
Zin
The Shining One
Beogh
Jiyva
Lugonu


Innate Abilities, Weirdness & Mutations

You are small and have problems with some larger weapons.
You are somewhat resistant to further mutation.


Message History

You block the stone arrow.
BONNNG!
Unknown command.
You closely miss the short sword of freezing.
The short sword of freezing is heavily damaged.
You block the short sword of freezing's attack.
BOUMMMMG!
You block something's attack.
SHROANNG!
The deep elf knight points at you and mumbles some strange words.
You block the stone arrow.
BOUMMMMG!
The battleaxe of draining hits you.
* * * LOW HITPOINT WARNING * * *
You partially resist.
You feel drained.
The short sword of freezing hits you but does no damage.
You hear some strange, mumbled words.
A shard of ice appears from out of thin air!
The shard of ice hits you!
You die...

▓▓▓▓▓▓▓▓▓▓▓▓▓▓▓▓▓▓▓
▓.8©8.▓.8©8.▓.8©8.▓
▓.[}..▓..)..▓..:..▓
▓..[(.▓.....▓...[.▓
▓..(..▓.....▓.)...▓
▓.....▓.....▓..÷..▓
▓.((..▓..†..▓.....▓
▓..@e.▓.....▓▓▓▓▓▓▓
▓▓▓▓▓▓▓▓▓▓▓▓▓


You could see a deep elf knight and 2 dancing weapons.

Vanquished Creatures
  A yellow draconian (D)
  A draconian (D)
  3 scorpions (D)
5 creatures vanquished.

Vanquished Creatures (others)
  A spatial maelstrom (D)
1 creature vanquished.

Grand Total: 6 creatures vanquished

Notes
Turn   | Place    | Note
--------------------------------------------------------------
     0 | D        | Groucho the Halfling Hunter began the quest for the Orb.
     0 | D        | Reached XP level 1. HP: 14/14 MP: 1/1
     1 | D        | Banished a spatial maelstrom
    11 | D        | Found a shimmering altar of Xom.
    12 | D        | Found a burning altar of Makhleb.
    12 | D        | Found an iron altar of Okawaru.
    12 | D        | Found a radiant altar of Vehumet.
    12 | D        | Found a deep blue altar of Sif Muna.
    12 | D        | Found a bloodstained altar of Trog.
    23 | D        | Found a sparkling altar of Nemelex Xobeh.
    24 | D        | Found a roughly hewn altar of Beogh.
    24 | D        | Found a viscous altar of Jiyva.
    24 | D        | Found a corrupted altar of Lugonu.
    24 | D        | Found a blossoming altar of Fedhas.
    24 | D        | Found a white marble altar of Elyvilon.
    24 | D        | Found a snail-covered altar of Cheibriados.
    70 | D        | Became a worshipper of Qazlal Stormbringer
    84 | D        | Entered arena 1.
    84 | D        | Noticed a yellow draconian
    84 | D        | Noticed a draconian
   109 | D        | Killed a draconian
   109 | D        | Reached skill level 10 in Slings
   109 | D        | Reached XP level 2. HP: 5/19 MP: 1/6
   109 | D        | Reached XP level 3. HP: 7/24 MP: 1/7
   109 | D        | Reached XP level 4. HP: 8/29 MP: 1/8
   109 | D        | Reached XP level 5. HP: 10/34 MP: 1/9
   109 | D        | Reached XP level 6. HP: 12/39 MP: 1/10
   109 | D        | Reached XP level 7. HP: 13/44 MP: 1/11
   113 | D        | Killed a yellow draconian
   113 | D        | Reached XP level 8. HP: 15/49 MP: 1/14
   505 | D        | Entered arena 2.
   510 | D        | Reached * piety under Qazlal
   531 | D        | Got the +9 hunting sling of Broken Luck {flame, Str+3}
   534 | D        | Entered arena 3.
   534 | D        | Noticed a battleaxe of draining
   534 | D        | Noticed a deep elf knight
   534 | D        | Noticed a deep elf knight
   534 | D        | Noticed a short sword of freezing
   545 | D        | Killed from afar by a deep elf knight

Vault maps used:
D:        sprint_v

Skill      XL: |  1  2  3  4  5  6  7  8 |
---------------+-------------------------+-----
Slings         | 10 12 | 12.8
Armour         | 9 12 | 12.6
Shields        | 6 9 |  9.2
Invocations    | 6 8 9 |  9.2
Fighting       | |  1.7
Dodging        | |  2.1
Stealth        | |  1.1

Action                   |  1- 3 |  4- 6 |  7- 9 || total
-------------------------+-------+-------+-------++-------
Melee: Shillelagh        |    23 |       |     4 ||    27
 Fire: Greatsling        |       |       |     9 ||     9
       Hunting sling     |       |       |     8 ||     8
  Use: Potion            |     1 |       |       ||     1
Armor: Plate armour      |     8 |       |     5 ||    13
Dodge: Dodged            |       |       |     1 ||     1
Block: Shield            |    34 |       |    27 ||    61
